[Event "December 19 Late 2023"]
[Site "https://www.chess.com"]
[Date "2023.12.19"]
[Round "4"]
[White "Dwilewicz, Katarzyna"]
[Black "Hamidi, Amir Mohammad"]
[Result "1/2-1/2"]
[Board "100"]
[TimeControl "180+1"]
[WhiteFideId "1148486"]
[BlackFideId "12563285"]
[WhiteElo "2098"]
[BlackElo "2217"]
[WhiteTeam "POL"]
[BlackTeam "IRI"]
[WhiteClock "0:00:04"]
[BlackClock "0:00:05"]

1. e4 c5 2. c3 Nf6 3. e5 Nd5 4. d4 cxd4 5. Bc4 Nb6 6. Bb3 Nc6 7. cxd4 d5 8. Nc3 Bf5 9. Nf3 e6 10. O-O Be7 11. h3 O-O 12. Bf4 Nb4 13. Ne1 Rc8 14. a3 Nc6 15. Rc1 Na5 16. Bc2 Bxc2 17. Qxc2 Nac4 18. Nd3 f6 19. exf6 Bxf6 20. Qe2 Bxd4 21. Qxe6+ Kh8 22. Rfd1 Qh4 23. Qg4 Bxf2+ 24. Nxf2 Qxg4 25. Nxg4 Rxf4 26. Nxd5 Rff8 27. Nxb6 Nxb6 28. Rxc8 Rxc8 29. Rd2 h6 30. Ne5 Rc7 31. Kf2 Kh7 32. g4 Re7 33. Nf3 Rc7 34. Kg3 Nc4 35. Rc2 Rc6 36. Nd4 Rc8 37. b3 Nb6 38. Rxc8 Nxc8 39. Kf4 Kg6 40. Ke5 Kg5 41. Nf3+ Kg6 42. a4 h5 43. gxh5+ Kxh5 44. a5 Kg6 45. Ke6 b6 46. b4 Kh5 47. Kd7 bxa5 48. bxa5 Nb6+ 49. axb6 axb6 50. Kc6 Kg6 51. Kxb6 Kf5 52. Kc6 Kf4 53. Ng1 Kg3 54. Kd6 Kg2 55. h4 Kg3 56. h5 Kg4 57. Ke6 Kxh5 58. Kf5 g6+ 59. Kf4 Kh4 60. Nf3+ Kh5 61. Kg3 Kh6 62. Ng1 g5 63. Nh3 Kg6 64. Nxg5 1/2-1/2

[Event "December 19 Late 2023"]
[Site "https://www.chess.com"]
[Date "2023.12.19"]
[Round "4"]
[White "Martinez Ramirez, Lennis"]
[Black "Azar, Sebastien"]
[Result "1-0"]
[Board "101"]
[TimeControl "180+1"]
[WhiteFideId "3509079"]
[BlackFideId "2640198"]
[WhiteElo "2405"]
[BlackElo "2395"]
[WhiteTeam "CUB"]
[BlackTeam "CAN"]
[WhiteClock "0:00:15"]
[BlackClock "0:00:08"]

1. d4 d5 2. Nf3 Nf6 3. c4 c6 4. g3 Bf5 5. Nbd2 e6 6. Bg2 Be7 7. Nh4 Bg6 8. O-O Nbd7 9. b3 O-O 10. Bb2 Re8 11. Re1 a5 12. a3 Bf8 13. Nxg6 hxg6 14. e4 dxe4 15. Nxe4 Nxe4 16. Rxe4 Nf6 17. Re3 Qc7 18. Qc2 Red8 19. Rd1 Rac8 20. Bh3 Re8 21. Rde1 Rcd8 22. Bg2 Rc8 23. Bf3 Rcd8 24. Kg2 Rc8 25. h4 Bd6 26. Qc3 Qe7 27. Qc1 Qf8 28. Qa1 Rcd8 29. Rh1 Ra8 30. h5 g5 31. h6 gxh6 32. d5 e5 33. dxc6 g4 34. Bd5 Nxd5 35. cxd5 bxc6 36. dxc6 Rac8 37. Rc1 Re6 38. Rec3 e4 39. Rc4 Qe7 40. Re1 e3 41. Rxg4+ Rg6 42. Rxg6+ fxg6 43. Rxe3 Qc7 44. Rc3 Be5 45. Rc4 Bxb2 46. Qxb2 Qd6 47. Qc3 Rc7 48. Rc5 Kh7 49. Qxa5 Rxc6 50. Qa7+ Kg8 51. Qa8+ Kf7 52. Qxc6 Qxc6+ 53. Rxc6 h5 54. a4 h4 55. a5 hxg3 56. fxg3 Ke7 57. b4 Kd7 58. b5 g5 59. a6 g4 60. a7 Kd8 61. a8=Q+ Kd7 62. Qb7+ Kd8 63. Rc8# 1-0

[Event "December 19 Late 2023"]
[Site "https://www.chess.com"]
[Date "2023.12.19"]
[Round "4"]
[White "Sun, Rick"]
[Black "ajian"]
[Result "1-0"]
[Board "102"]
[TimeControl "180+1"]
[WhiteFideId "30909481"]
[WhiteElo "2169"]
[BlackElo "2395"]
[WhiteTeam "USA"]
[WhiteClock "0:00:13"]
[BlackClock "0:00:03"]

1. d4 d5 2. Nc3 Nf6 3. Bf4 a6 4. e3 c5 5. Nf3 Nc6 6. dxc5 Bg4 7. Be2 e6 8. Ne5 Nxe5 9. Bxe5 Bxe2 10. Qxe2 Bxc5 11. O-O O-O 12. Rad1 Qe7 13. e4 dxe4 14. Bxf6 Qxf6 15. Nxe4 Qe7 16. Qh5 Bb6 17. Rd3 Rfd8 18. Rg3 Rd5 19. Qh6 Bd4 20. c3 Kh8 21. Qh3 Be5 22. f4 Bf6 23. Qg4 Rad8 24. h4 h5 25. Qf3 g6 26. Ng5 Bxg5 27. hxg5 Kg7 28. Kh2 Rd2 29. Rf2 Qc5 30. Rxd2 Rxd2 31. Qxb7 a5 32. Qb8 Rd1 33. Qe5+ Qxe5 34. fxe5 Rd2 35. b4 axb4 36. cxb4 Rxa2 37. Rb3 Ra6 38. Kg3 Kf8 39. Kf4 Ke7 40. Ke4 Kd7 41. Kd4 Kc6 42. b5+ 1-0

[Event "December 19 Late 2023"]
[Site "https://www.chess.com"]
[Date "2023.12.19"]
[Round "4"]
[White "Buchenau, Frank"]
[Black "Zavgorodniy, Sergiy"]
[Result "0-1"]
[Board "103"]
[TimeControl "180+1"]
[WhiteFideId "4604350"]
[BlackFideId "14110148"]
[WhiteElo "2157"]
[BlackElo "2402"]
[WhiteTeam "GER"]
[BlackTeam "UKR"]
[WhiteClock "0:00:00"]
[BlackClock "0:00:08"]

1. e4 c6 2. Nf3 d5 3. Nc3 Bg4 4. d4 dxe4 5. Nxe4 Nd7 6. Ng3 Ngf6 7. h3 Bxf3 8. Qxf3 e6 9. Bd3 Be7 10. O-O O-O 11. Re1 Qc7 12. c3 Rfe8 13. Bg5 h6 14. Bd2 Rad8 15. Rad1 c5 16. dxc5 Ne5 17. Qf4 Rxd3 18. Qxe5 Qxc5 19. Qxc5 Bxc5 20. Be3 Rxd1 21. Rxd1 Bxe3 22. fxe3 Kf8 23. Kf2 Ke7 24. Kf3 Rc8 25. e4 Nd7 26. Nh5 g6 27. Nf4 Ne5+ 28. Ke2 Rc4 29. Rd4 Rc6 30. Nd3 Nc4 31. b3 Nd6 32. c4 Ne8 33. e5 Nc7 34. b4 Ra6 35. Nc1 Ra4 36. c5 Nd5 37. Nd3 Rxa2+ 38. Kf3 Rd2 39. g4 g5 40. Ke4 Rh2 41. b5 Kd7 42. Rc4 Rxh3 43. c6+ bxc6 44. bxc6+ Kc7 45. Nc5 Rg3 46. Na6+ Kc8 47. Rc5 Rxg4+ 48. Kd3 Nb4+ 49. Nxb4 Rxb4 50. Ra5 Kc7 51. Rxa7+ Kxc6 52. Rxf7 Kd5 53. Rf6 Rh4 0-1

[Event "December 19 Late 2023"]
[Site "https://www.chess.com"]
[Date "2023.12.19"]
[Round "4"]
[White "Vlassov, Nikolai"]
[Black "Laskakis, Konstantinos"]
[Result "1-0"]
[Board "104"]
[TimeControl "180+1"]
[WhiteFideId "4103360"]
[BlackFideId "42134374"]
[WhiteElo "2351"]
[BlackElo "2389"]
[WhiteTeam "FID"]
[BlackTeam "GRE"]
[WhiteClock "0:00:23"]
[BlackClock "0:00:00"]

1. e4 e5 2. Bc4 Nf6 3. d3 Bc5 4. Nf3 d6 5. Bg5 h6 6. Bh4 c6 7. Nc3 b5 8. Bb3 a5 9. a4 b4 10. Ne2 O-O 11. h3 Be6 12. O-O Bxb3 13. cxb3 Nbd7 14. d4 exd4 15. Nfxd4 Qb6 16. Nf5 Nxe4 17. Qd3 d5 18. Rac1 Ne5 19. Qc2 Ng6 20. Kh1 Nxh4 21. Nxh4 Nxf2+ 22. Rxf2 Bxf2 23. Nf5 Be3 24. Rf1 Bg5 25. h4 Bd8 26. Neg3 c5 27. Nh5 Qg6 28. Nhxg7 Ra6 29. Qxc5 Rf6 30. Qxd5 Bc7 31. Rc1 Bf4 32. Rc4 Qg4 33. Qf3 Qxf3 34. gxf3 Be5 35. Rg4 Rg6 36. Nh5 Rxg4 37. fxg4 Bxb2 38. Nxh6+ Kh7 39. g5 Rc8 40. Ng4 Rc3 41. Ngf6+ Kg6 42. Nf4+ Kf5 43. N4d5 Rh3+ 44. Kg2 Rxh4 45. Nd7 Kxg5 46. Nc5 Rd4 47. Nc7 Rd2+ 48. Kf3 Be5 49. Nb5 Rb2 50. Ke4 f6 51. Na7 Re2+ 52. Kd3 Rh2 53. Nc6 Bf4 54. Nxa5 1-0

[Event "December 19 Late 2023"]
[Site "https://www.chess.com"]
[Date "2023.12.19"]
[Round "4"]
[White "Marin Pincheira, Carlos"]
[Black "Perske, Thore"]
[Result "0-1"]
[Board "105"]
[TimeControl "180+1"]
[WhiteFideId "3407543"]
[BlackFideId "12902195"]
[WhiteElo "2080"]
[BlackElo "2336"]
[WhiteTeam "CHI"]
[BlackTeam "GER"]
[WhiteClock "0:00:05"]
[BlackClock "0:01:22"]

1. d4 d5 2. c4 c6 3. Nf3 Nf6 4. e3 Bf5 5. Nc3 e6 6. h3 h6 7. Qb3 Qb6 8. Bd2 Nbd7 9. c5 Qc7 10. Rc1 e5 11. Nxe5 Nxe5 12. dxe5 Nd7 13. g4 Be6 14. f4 Nxc5 15. Qd1 h5 16. f5 Qxe5 17. fxe6 Qg3+ 18. Ke2 hxg4 19. Be1 Qf3+ 20. Kd2 Qxh1 21. exf7+ Kxf7 22. Qe2 gxh3 23. Bg3 Ne4+ 24. Nxe4 Qxe4 25. Qf2+ Kg8 26. Bd3 Qg2 27. Ke2 Qxf2+ 28. Kxf2 Be7 29. Rh1 Rf8+ 30. Ke2 Bf6 31. b3 Re8 32. Kf3 Be5 33. Bf2 Kf7 34. Bf5 h2 35. Kg2 Kf6 36. Bd3 g5 37. Rf1 Ke6 38. Rh1 Kd6 39. Bg6 Reg8 40. Bd3 Kc5 41. e4+ Kd6 42. exd5 cxd5 43. Bxa7 Ra8 0-1

[Event "December 19 Late 2023"]
[Site "https://www.chess.com"]
[Date "2023.12.19"]
[Round "4"]
[White "Becerra, Juan David"]
[Black "Omelja, Artem"]
[Result "0-1"]
[Board "106"]
[TimeControl "180+1"]
[WhiteFideId "4404998"]
[BlackFideId "14119846"]
[WhiteElo "2293"]
[BlackElo "2404"]
[WhiteTeam "COL"]
[BlackTeam "UKR"]
[WhiteClock "0:00:17"]
[BlackClock "0:02:12"]

1. d4 Nf6 2. Nc3 d5 3. Bf4 c5 4. e3 cxd4 5. exd4 Bg4 6. Be2 Bxe2 7. Ncxe2 Nc6 8. Nf3 Qb6 9. Rb1 Qa5+ 10. Nc3 e6 11. O-O Bb4 12. Qd3 Bxc3 13. bxc3 b6 14. Bd6 O-O-O 15. Bb4 Qxa2 16. Ne5 Nxe5 17. dxe5 Ne4 18. Ra1 Qc4 19. Rxa7 f6 20. f3 Nc5 21. Qe3 d4 22. cxd4 Rxd4 23. Bxc5 Qxc5 24. Ra8+ Kb7 25. Rxh8 Qc4 26. Ra1 f5 27. c3 Rd3 28. Qf2 Rxc3 29. Rha8 Rc1+ 30. Rxc1 Qxc1+ 31. Qf1 Qxf1+ 32. Kxf1 Kxa8 33. Ke2 Kb7 0-1

[Event "December 19 Late 2023"]
[Site "https://www.chess.com"]
[Date "2023.12.19"]
[Round "4"]
[White "Ezat, Mohamed"]
[Black "Semenenko, Dmytry"]
[Result "1-0"]
[Board "107"]
[TimeControl "180+1"]
[WhiteFideId "10600906"]
[BlackFideId "14118645"]
[WhiteElo "2367"]
[BlackElo "2113"]
[WhiteTeam "EGY"]
[BlackTeam "UKR"]
[WhiteClock "0:01:42"]
[BlackClock "0:01:32"]

1. e4 Nf6 2. e5 Nd5 3. Qf3 e6 4. Qg3 d6 5. d4 dxe5 6. dxe5 Nb4 7. Na3 N8c6 8. Nf3 Nd4 9. Nxd4 Qxd4 10. c3 Qe4+ 11. Be2 Nc6 12. Nb5 Nxe5 13. Nxc7+ Kd8 14. Nxa8 Bd6 15. Bg5+ f6 16. Rd1 Ke7 17. Bf4 Bd7 18. Qxg7+ Nf7 19. Bxd6+ Kd8 20. Qxf6+ Kc8 21. Qxf7 Qxg2 22. Bf3 Qg5 23. Qxd7+ Kxd7 24. Bf4+ Ke8 25. Bxg5 1-0

[Event "December 19 Late 2023"]
[Site "https://www.chess.com"]
[Date "2023.12.19"]
[Round "4"]
[White "Kokoszczynski, Jan"]
[Black "Kovalevsky, Stanislav"]
[Result "1/2-1/2"]
[Board "108"]
[TimeControl "180+1"]
[WhiteFideId "1174460"]
[BlackFideId "13508598"]
[WhiteElo "2266"]
[BlackElo "2043"]
[WhiteTeam "POL"]
[BlackTeam "FID"]
[WhiteClock "0:00:02"]
[BlackClock "0:00:05"]

1. Nf3 d5 2. g3 Nf6 3. Bg2 c6 4. O-O Bg4 5. d3 Qc8 6. Nbd2 Bh3 7. b3 Bxg2 8. Kxg2 g6 9. Bb2 Bg7 10. e4 e6 11. Qe2 O-O 12. e5 Nfd7 13. h4 c5 14. c4 d4 15. h5 Nc6 16. Rae1 Ncxe5 17. Nxe5 Nxe5 18. Bc1 Qc6+ 19. Nf3 h6 20. Bf4 Nxf3 21. Qxf3 Qxf3+ 22. Kxf3 Rfe8 23. hxg6 fxg6 24. Be5 b6 25. Re4 Bxe5 26. Rxe5 Rf8+ 27. Kg2 Rf6 28. Rfe1 Kf7 29. Rh1 Rh8 30. a3 Rf5 31. Re4 e5 32. Rhe1 Kf6 33. f4 exf4 34. g4 f3+ 35. Kf2 Rg5 36. Rf4+ Kg7 37. Re7+ Kg8 38. Re8+ Kg7 39. Re7+ Kg8 40. Rxa7 h5 41. Re4 Kf8 42. Rf4+ Kg8 43. Rff7 hxg4 44. Rfb7 Rf5 45. Rg7+ Kf8 46. Rgb7 Kg8 47. Rg7+ Kf8 48. Rgb7 Kg8 1/2-1/2

[Event "December 19 Late 2023"]
[Site "https://www.chess.com"]
[Date "2023.12.19"]
[Round "4"]
[White "Deng, Henry"]
[Black "Su, Dion"]
[Result "1-0"]
[Board "109"]
[TimeControl "180+1"]
[WhiteFideId "30965454"]
[BlackFideId "2029731"]
[WhiteElo "2577"]
[BlackElo "2370"]
[WhiteTeam "USA"]
[BlackTeam "USA"]
[WhiteClock "0:01:01"]
[BlackClock "0:00:03"]

1. e4 c5 2. Nc3 Nc6 3. Bb5 e6 4. Bxc6 bxc6 5. d3 d6 6. f4 g6 7. Nf3 Bg7 8. O-O Ne7 9. Bd2 Rb8 10. Rb1 O-O 11. Qe1 f5 12. e5 d5 13. Na4 Rb5 14. c4 Rb8 15. Nxc5 h6 16. b4 Bd7 17. Be3 Nc8 18. Nd4 Re8 19. Qg3 Kh7 20. Rfc1 Nb6 21. Qf2 Bf8 22. Ncb3 Bxb4 23. Nc2 Be7 24. cxd5 cxd5 25. Ncd4 Rc8 26. Na5 Ba3 27. Rd1 Na4 28. Nb7 Qc7 29. Rb3 Nb6 30. Rxa3 Qxb7 31. Rb3 Qa6 32. Rb2 Na4 33. Rbd2 Rc3 34. Nb3 Rec8 35. Qh4 Re8 36. Qf6 Rc7 37. Qf7+ Kh8 38. Qxg6 Bb5 39. Nd4 Rg8 40. Qxh6+ Rh7 41. Qf6+ Rhg7 42. Nxe6 Nc3 43. Nxg7 Rxg7 44. Qxa6 Bxa6 45. Rc1 d4 46. Bxd4 1-0

[Event "December 19 Late 2023"]
[Site "https://www.chess.com"]
[Date "2023.12.19"]
[Round "4"]
[White "Kostiukov, Alexandr"]
[Black "Assylov, Miras"]
[Result "0-1"]
[Board "110"]
[TimeControl "180+1"]
[WhiteFideId "14108100"]
[BlackFideId "13728873"]
[WhiteElo "2112"]
[BlackElo "1991"]
[WhiteTeam "UKR"]
[BlackTeam "KAZ"]
[WhiteClock "0:00:00"]
[BlackClock "0:00:02"]

1. g3 Nf6 2. Bg2 d5 3. d3 e5 4. e4 dxe4 5. dxe4 Qxd1+ 6. Kxd1 Bc5 7. f3 h5 8. h4 Be6 9. Nd2 a5 10. a4 Ke7 11. Bh3 Rd8 12. Bxe6 Kxe6 13. Nh3 Nc6 14. c3 Ne8 15. Ke2 f6 16. Nb3 Bb6 17. Be3 Bxe3 18. Kxe3 b6 19. Nf2 Nd6 20. Nd2 Nb8 21. Nd3 Nd7 22. Rhd1 Rdb8 23. b4 c5 24. bxc5 bxc5 25. Rdb1 c4 26. Nb2 Rc8 27. Nd1 Rab8 28. Ke2 Nc5 29. Ne3 Rxb1 30. Nxb1 Rb8 31. Nd2 Rb2 32. Rd1 Nxa4 33. Ke1 Nxc3 34. Ra1 a4 35. Nexc4 Nxc4 36. Nxc4 Rg2 37. Ra3 Nb1 38. Rxa4 Rxg3 39. Ra6+ Ke7 40. Kf2 Rh3 41. Nd6 Rxh4 42. Nf5+ Kf7 43. Nxh4 g5 44. Nf5 Nc3 45. Ra7+ Ke8 0-1

[Event "December 19 Late 2023"]
[Site "https://www.chess.com"]
[Date "2023.12.19"]
[Round "4"]
[White "Khater, Sherif"]
[Black "Chess_Star1234"]
[Result "1-0"]
[Board "111"]
[TimeControl "180+1"]
[WhiteFideId "2034280"]
[WhiteElo "2539"]
[BlackElo "2357"]
[WhiteTeam "USA"]
[WhiteClock "0:00:23"]
[BlackClock "0:00:00"]

1. a3 d5 2. b4 Nf6 3. Bb2 e6 4. e3 Be7 5. Nf3 O-O 6. d4 a5 7. b5 c6 8. a4 Bd7 9. Nbd2 cxb5 10. axb5 Be8 11. Bd3 Nbd7 12. O-O Nb6 13. Ne5 Qc7 14. f4 a4 15. Ba3 Bxa3 16. Rxa3 Nc8 17. g4 Nd6 18. g5 Nfe4 19. Rf3 Bxb5 20. Rh3 Bxd3 21. Rxd3 Nxd2 22. Qh5 h6 23. Rxd2 Nf5 24. gxh6 g6 25. Qg5 Qe7 26. Qg4 Kh7 27. Rg2 a3 28. Nxg6 1-0

[Event "December 19 Late 2023"]
[Site "https://www.chess.com"]
[Date "2023.12.19"]
[Round "4"]
[White "Kopczynski, Michal"]
[Black "Ardila, Oscar Humberto"]
[Result "1-0"]
[Board "112"]
[TimeControl "180+1"]
[WhiteFideId "1124200"]
[BlackFideId "4404742"]
[WhiteElo "2174"]
[BlackElo "1915"]
[WhiteTeam "POL"]
[BlackTeam "COL"]
[WhiteClock "0:00:22"]
[BlackClock "0:00:10"]

1. e4 e5 2. Nf3 Nf6 3. Nxe5 d6 4. Nf3 Nxe4 5. d4 Be7 6. d5 O-O 7. Be2 Bf5 8. O-O Nd7 9. c4 a5 10. Re1 Ndc5 11. Be3 Bf6 12. Qc1 Re8 13. Nc3 Nxc3 14. bxc3 Nd3 15. Bxd3 Bxd3 16. Nd2 Qd7 17. Bd4 Bg5 18. Qd1 Rxe1+ 19. Qxe1 Re8 20. Qd1 Qf5 21. Nf3 Be2 22. Qa4 Ra8 23. Re1 Bd2 24. Nxd2 Qd3 25. Nf1 h6 26. Ng3 Qxc4 27. Qxc4 Bxc4 28. a3 Bxd5 29. Nf5 c5 30. Ne7+ Kf8 31. Nxd5 cxd4 32. cxd4 Rc8 33. f3 Rc4 34. Rd1 Ra4 35. Rd3 Rc4 36. Kf2 Rc2+ 37. Kg3 b5 38. Rb3 Rd2 39. Rxb5 Rxd4 40. Rxa5 f5 41. a4 f4+ 42. Nxf4 g5 43. Ne6+ Ke7 44. Nxd4 1-0

[Event "December 19 Late 2023"]
[Site "https://www.chess.com"]
[Date "2023.12.19"]
[Round "4"]
[White "Pace, Christopher"]
[Black "Cattaneo, Marco"]
[Result "1-0"]
[Board "113"]
[TimeControl "180+1"]
[WhiteFideId "2610167"]
[BlackFideId "878332"]
[WhiteElo "2348"]
[BlackElo "2186"]
[WhiteTeam "CAN"]
[BlackTeam "ITA"]
[WhiteClock "0:00:22"]
[BlackClock "0:00:12"]

1. e4 g6 2. d4 Bg7 3. Nc3 c6 4. Be3 d5 5. e5 f6 6. f4 Nh6 7. Nf3 O-O 8. Be2 a5 9. a4 Na6 10. O-O Nc7 11. Kh1 Bg4 12. h3 Bxf3 13. Bxf3 Ne6 14. g4 f5 15. g5 Nf7 16. h4 Qb6 17. Ra3 Nc7 18. h5 Nd8 19. Kg2 Re8 20. Rh1 Nde6 21. hxg6 hxg6 22. Rb3 Qa7 23. Ne2 Kf7 24. Ng3 Rh8 25. Bh5 b5 26. Nxf5 gxh5 27. Rxh5 bxa4 28. Rc3 Qb7 29. Bc1 c5 30. g6+ Kf8 31. Rxh8+ Bxh8 32. Qh5 Ke8 33. Qxh8+ Kd7 34. Qh7 cxd4 35. Qxe7+ Kc8 36. Nd6+ Kb8 37. Nxb7 dxc3 38. bxc3 Kxb7 39. f5 Nf4+ 40. Bxf4 a3 41. Qxa3 1-0

[Event "December 19 Late 2023"]
[Site "https://www.chess.com"]
[Date "2023.12.19"]
[Round "4"]
[White "Hnydiuk, Aleksander"]
[Black "Biernacki, Mark"]
[Result "1-0"]
[Board "114"]
[TimeControl "180+1"]
[WhiteFideId "1109057"]
[BlackFideId "2082322"]
[WhiteElo "2374"]
[BlackElo "1965"]
[WhiteTeam "POL"]
[BlackTeam "USA"]
[WhiteClock "0:00:06"]
[BlackClock "0:00:00"]

1. e4 c6 2. d4 d5 3. e5 Bf5 4. h4 h5 5. Bg5 Qa5+ 6. Nc3 e6 7. Bd3 Bxd3 8. Qxd3 Bb4 9. Ne2 Ne7 10. O-O Nf5 11. Nd1 Nd7 12. Ng3 g6 13. c3 Be7 14. Bxe7 Kxe7 15. Qd2 Rag8 16. Qg5+ Ke8 17. Ne3 Qd8 18. Nexf5 gxf5 19. Qxd8+ Kxd8 20. Ne2 Rg4 21. g3 Rhg8 22. Kh2 f6 23. Nf4 fxe5 24. dxe5 Ke7 25. Rfe1 Rh8 26. Rad1 Rgg8 27. Rd4 Nc5 28. Kg2 Rg4 29. Kf3 Ne4 30. Rb4 b5 31. a4 a5 32. Rd4 c5 33. Rdd1 b4 34. cxb4 axb4 35. Rc1 c4 36. Red1 Nc5 37. Rd4 Nd3 38. Rxd3 cxd3 39. Rc7+ Ke8 40. Rc8+ Kd7 41. Rxh8 d2 42. Ke2 Rg8 43. Rxg8 1-0

[Event "December 19 Late 2023"]
[Site "https://www.chess.com"]
[Date "2023.12.19"]
[Round "4"]
[White "Kotlyar, Kirill"]
[Black "Fitol, Szymon"]
[Result "1/2-1/2"]
[Board "115"]
[TimeControl "180+1"]
[WhiteFideId "24145599"]
[BlackFideId "41857038"]
[WhiteElo "2397"]
[BlackElo "2338"]
[WhiteTeam "RUS"]
[BlackTeam "POL"]
[WhiteClock "0:00:23"]
[BlackClock "0:00:21"]

1. e4 e6 2. Nf3 c5 3. Nc3 Nc6 4. d4 cxd4 5. Nxd4 Bb4 6. Nb5 Nf6 7. a3 Bxc3+ 8. Nxc3 d5 9. exd5 exd5 10. Bd3 d4 11. Ne2 O-O 12. O-O h6 13. Ng3 Qd6 14. Bd2 Bg4 15. f3 Be6 16. Ne4 Nxe4 17. Bxe4 Bd5 18. Bd3 Rfe8 19. Re1 a5 20. Bb5 Qc5 21. Bxc6 bxc6 22. b4 axb4 23. Bxb4 Qb6 24. Rxe8+ Rxe8 25. Qd2 c5 26. Ba5 Qa7 27. Re1 Rxe1+ 28. Qxe1 c4 29. Kh1 c3 30. Bb4 Be6 31. Qe5 Qa6 32. h3 Qf1+ 33. Kh2 Qd1 34. Bc5 d3 35. Bd4 Kf8 36. Qb8+ Ke7 37. Bc5+ Kf6 38. Qd8+ Kg6 39. Qxd3+ Qxd3 40. cxd3 Bf5 41. Kg3 Bxd3 42. Kf4 Bf1 43. Kg3 f6 44. Kf2 Ba6 45. h4 Kf5 46. Bd4 c2 47. Be3 g5 48. hxg5 fxg5 49. Ke1 h5 50. Kd2 Bf1 51. g3 Bg2 52. Kxc2 Bxf3 53. Kd3 Kg4 54. Bf2 Bb7 55. Kc4 Kf3 56. Be1 Ke2 57. Bc3 Kf2 58. Be5 h4 59. gxh4 gxh4 60. Kc5 h3 61. Kb6 Be4 62. a4 Kg2 63. a5 h2 64. Bxh2 Kxh2 65. a6 Kg3 66. a7 Kf4 67. Kc7 Ke5 68. Kb8 Kd6 69. a8=Q Bxa8 1/2-1/2

[Event "December 19 Late 2023"]
[Site "https://www.chess.com"]
[Date "2023.12.19"]
[Round "4"]
[White "Yagupov, Igor"]
[Black "Prokhorov, Oleksandr"]
[Result "1-0"]
[Board "116"]
[TimeControl "180+1"]
[WhiteFideId "4113632"]
[BlackFideId "14105578"]
[WhiteElo "2179"]
[BlackElo "1955"]
[WhiteTeam "RUS"]
[BlackTeam "UKR"]
[WhiteClock "0:01:13"]
[BlackClock "0:00:13"]

1. e4 c5 2. Nf3 e6 3. d4 cxd4 4. Nxd4 Qb6 5. Nc3 Bc5 6. Na4 Qa5+ 7. c3 Bxd4 8. Qxd4 Nf6 9. Nc5 Nc6 10. Qe3 O-O 11. Nb3 Qc7 12. f4 d6 13. Be2 a6 14. O-O b5 15. Nd4 Bb7 16. Bf3 Rac8 17. Bd2 Na5 18. b3 Rfd8 19. Rac1 d5 20. e5 Ne4 21. Bxe4 dxe4 22. Qg3 Nc6 23. Be3 Ne7 24. f5 Nxf5 25. Nxf5 exf5 26. Rxf5 f6 27. exf6 Qxg3 28. f7+ Kf8 29. hxg3 g6 30. Bh6+ Ke7 31. f8=Q+ Rxf8 32. Rxf8 Rxf8 33. Bxf8+ Kxf8 34. c4 Ke7 35. cxb5 Kd6 36. bxa6 Bxa6 37. Kf2 Ke5 38. Ke3 1-0

[Event "December 19 Late 2023"]
[Site "https://www.chess.com"]
[Date "2023.12.19"]
[Round "4"]
[White "Munoz Sanchez, Miguel"]
[Black "Rangel, Daniel"]
[Result "0-1"]
[Board "117"]
[TimeControl "180+1"]
[WhiteFideId "3600734"]
[BlackFideId "2124475"]
[WhiteElo "2124"]
[BlackElo "2267"]
[WhiteTeam "ECU"]
[BlackTeam "BRA"]
[WhiteClock "0:00:01"]
[BlackClock "0:00:13"]

1. e4 c5 2. Nf3 g6 3. c3 Bg7 4. d4 cxd4 5. cxd4 d5 6. e5 Bg4 7. Bb5+ Nd7 8. Nbd2 e6 9. h3 Bxf3 10. Qxf3 Ne7 11. O-O O-O 12. Bd3 a6 13. Qe2 b5 14. Nf3 Nb8 15. Bg5 Nbc6 16. Rac1 Qb6 17. Rfd1 Rfc8 18. Qe3 Rc7 19. Qf4 Rac8 20. Bf6 Nf5 21. Bxf5 exf5 22. Bxg7 Kxg7 23. Rc3 Nd8 24. Rxc7 Rxc7 25. Ng5 h6 26. Nf3 Ne6 27. Qe3 Rc2 28. Rc1 Qc6 29. Rxc2 Qxc2 30. Qc3 Qb1+ 31. Kh2 Qxa2 32. Qb4 Qc4 33. Qe7 Qc1 34. Qf6+ Kg8 35. g3 Qxb2 36. Kg2 Qe2 37. Nh4 Qe4+ 38. Kg1 f4 39. gxf4 Qxf4 40. Qe7 Nxd4 41. Qd8+ Kg7 42. Ng2 Qc1+ 43. Kh2 Nf3+ 44. Kg3 Nxe5 45. Qd6 Qg5+ 46. Kh2 Nf3+ 47. Kh1 Qc1+ 48. Ne1 Qxe1+ 49. Kg2 Ng5 50. Qxd5 Qe4+ 51. Qxe4 Nxe4 52. Kf3 b4 0-1

[Event "December 19 Late 2023"]
[Site "https://www.chess.com"]
[Date "2023.12.19"]
[Round "4"]
[White "Nielsen, Viktor Haarmark"]
[Black "GoldenShare"]
[Result "0-1"]
[Board "118"]
[TimeControl "180+1"]
[WhiteFideId "1444492"]
[WhiteElo "2315"]
[BlackElo "2503"]
[WhiteTeam "DEN"]
[WhiteClock "0:00:08"]
[BlackClock "0:00:15"]

1. e4 c6 2. Nc3 d5 3. d4 dxe4 4. Nxe4 Nf6 5. Nxf6+ exf6 6. c3 Bd6 7. Bd3 O-O 8. Qc2 Re8+ 9. Ne2 h5 10. Be3 h4 11. O-O-O a5 12. Kb1 Nd7 13. c4 Nf8 14. Nc3 Bb4 15. Ne4 Be6 16. Nc5 Bxc5 17. dxc5 Qc7 18. g3 h3 19. Bf5 Rad8 20. Bxe6 Nxe6 21. Qf5 Rxd1+ 22. Rxd1 Rd8 23. Rxd8+ Qxd8 24. Kc1 g6 25. Qxh3 Qd3 26. Qg4 f5 27. Qd1 Qxc4+ 28. Kb1 Nxc5 29. Qd8+ Kh7 30. Qxa5 Ne4 31. a3 Qf1+ 32. Ka2 Nxf2 33. Qb4 Ne4 34. Qxb7 Qc4+ 35. Qb3 Nd6 36. a4 Qe4 37. a5 Nc4 38. Bb6 Kg8 39. a6 Nd2 40. a7 Qb1+ 41. Ka3 Qa1+ 42. Qa2 Nc4+ 43. Kb3 Qxa2+ 44. Kxa2 Nxb6 45. b4 g5 46. Kb3 Kf8 0-1

[Event "December 19 Late 2023"]
[Site "https://www.chess.com"]
[Date "2023.12.19"]
[Round "4"]
[White "Ward, Ieuan C"]
[Black "Tabuenca Mendataurigoitia, Daniel"]
[Result "0-1"]
[Board "119"]
[TimeControl "180+1"]
[WhiteFideId "406627"]
[BlackFideId "24563617"]
[WhiteElo "2327"]
[BlackElo "2130"]
[WhiteTeam "ENG"]
[BlackTeam "ESP"]
[WhiteClock "0:00:18"]
[BlackClock "0:01:10"]

1. d4 d6 2. c4 e5 3. dxe5 dxe5 4. Qxd8+ Kxd8 5. Nc3 Be6 6. b3 c6 7. Bb2 Nd7 8. O-O-O Kc7 9. e3 f6 10. Nf3 a5 11. Be2 Nh6 12. h3 Nf7 13. Rd2 Nc5 14. Kb1 a4 15. b4 a3 16. bxc5 axb2 17. Ne4 Ra5 18. Kxb2 Bxc5 19. Nxc5 Rxc5 20. Rc1 Ra8 21. Ne1 Nd6 22. Rdc2 b5 23. cxb5 Rxa2+ 24. Kb1 Raxc2 25. Rxc2 Bf5 26. Bd3 Rxb5+ 27. Bxb5 Bxc2+ 28. Kxc2 cxb5 29. f4 e4 30. Kc3 Kc6 31. Kd4 b4 32. g4 g6 33. h4 Kb5 34. Nc2 b3 35. Na3+ Kb4 36. Nb1 f5 37. g5 Nc4 38. Nc3 b2 39. Nb1 Kb3 40. Kd5 Na3 41. Nd2+ Kc2 0-1

[Event "December 19 Late 2023"]
[Site "https://www.chess.com"]
[Date "2023.12.19"]
[Round "4"]
[White "Antonio, Jorge Carlos"]
[Black "Reprintsev, Alexander"]
[Result "0-1"]
[Board "120"]
[TimeControl "180+1"]
[WhiteFideId "113190"]
[BlackFideId "14100541"]
[WhiteElo "2247"]
[BlackElo "2229"]
[WhiteTeam "ARG"]
[BlackTeam "UKR"]
[WhiteClock "0:00:26"]
[BlackClock "0:00:23"]

1. d4 d5 2. Nf3 Nc6 3. Bf4 Bg4 4. e3 e6 5. h3 Bf5 6. c4 Bd6 7. Bxd6 Qxd6 8. Nc3 a6 9. Qb3 O-O-O 10. c5 Qd7 11. Qa4 Nb8 12. Qxd7+ Nxd7 13. b4 f6 14. a4 Ne7 15. b5 a5 16. Kd2 e5 17. Nh4 Be6 18. c6 Nb6 19. cxb7+ Kxb7 20. Nf3 Nc4+ 21. Kc2 Bf5+ 22. Kb3 Be6 23. Rc1 g5 24. Be2 h5 25. Rhd1 g4 26. Nd2 gxh3 27. gxh3 exd4 28. exd4 Nxd2+ 29. Rxd2 Bxh3 30. Bf3 Bg4 31. Bg2 h4 32. Re1 Rd7 33. f3 Bf5 34. f4 h3 35. Bh1 Rh4 36. Ne2 Be4 37. Rg1 f5 38. Rdd1 Bxh1 39. Rxh1 Ng6 40. Rd3 Re7 41. Ng3 Nxf4 42. Rf3 Re4 43. Nxf5 Rg4 44. Kc3 Ne2+ 45. Kd3 Rg2 46. Rhxh3 Nf4+ 47. Rxf4 Rxf4 48. Ne7 Ra2 49. Nxd5 Ra3+ 50. Nc3 Rf1 51. Kc4 Rc1 52. d5 Rxa4+ 53. Kc5 Rg4 54. Rd3 a4 55. d6 cxd6+ 56. Rxd6 Rxc3+ 57. Kd5 Rd3+ 58. Ke5 Rxd6 59. Kxd6 a3 0-1